 Dungeon Sprint DCSS version 0.28.0-45-g0d030f2227 (webtiles) character file.

Game seed: 5318108955070591233

125 McKennaii the Skirmisher (level 4, -6/44 HPs)
             Began as a Demigod Fighter on Apr 18, 2022.
             Mangled by a neqoxec (11 damage)
             ... in the Dungeon (Sprint II: "The Violet Keep of Menkaure").
             The game lasted 00:00:10 (20 turns).

McKennaii the Skirmisher (Demigod Fighter)            Turns: 20, Time: 00:00:11

Health: -6/44      AC:  7    Str: 23    XL:     4   Next: 53%
Magic:  6/6        EV:  9    Int: 10    God:
Gold:   0          SH:  4    Dex: 13    Spells: 3/3 levels left

rFire   . . .      SeeInvis .   a - +0 trident
rCold   . . .      Faith    .   c - +0 buckler
rNeg    . . .      Spirit   .   b - +0 scale mail
rPois   .          Reflect  .   (no helmet)
rElec   .          Harm     .   (no cloak)
rCorr   .          Rampage  .   (no gloves)
Will    .....      NoTele   +   (no boots)
Stlth   ..........              (no amulet)
HPRegen 0.14/turn               (no ring)
MPRegen 0.10/turn               (no ring)

@: on berserk cooldown, slowed, very slow
A: high MP 1, forlorn, divine attributes, deterioration 1, strong 1
a: no special abilities


You were in the Dungeon.
You visited 1 branch

Inventory:

Hand Weapons
 a - a +0 trident (weapon)
Armour
 b - a +0 scale mail (worn)
 c - a +0 buckler (worn)
Scrolls
 j - a scroll of blinking
Potions
 d - a potion of might
 e - a potion of curing
 f - a potion of heal wounds
 g - a potion of haste
 h - 2 potions of magic


   Skills:
 + Level 5.7 Fighting
 + Level 5.3 Polearms
 + Level 5.7 Armour
 - Level 2.6 Shields


You had 3 spell levels left.
You didn't know any spells.
Your spell library was empty.

Dungeon Overview and Level Annotations

Branches:
Dungeon (1/1)


Innate Abilities, Weirdness & Mutations

You have an increased reservoir of magic. (+10% MP)
You shall have no god before yourself.
Your divine heritage dramatically boosts your attributes as you level up.
Your body sometimes deteriorates upon taking damage.
Your muscles are strong. (Str +2)


Message History

The neqoxec is severely wounded.
The neqoxec gestures at you.
Something tries to feed on your intellect!
The neqoxec closely misses you.
You hit the neqoxec.
The neqoxec is almost dead.
The neqoxec hits you.
* * * LOW HITPOINT WARNING * * *
Your body deteriorates!
You feel clumsy.
You closely miss the neqoxec.
The neqoxec is almost dead.
You closely miss the neqoxec.
The neqoxec is almost dead.
The neqoxec hits you but does no damage.
You closely miss the neqoxec.
The neqoxec is almost dead.
The neqoxec completely misses you.
You puncture the neqoxec!
You kill the neqoxec!
You are no longer berserk.
You are exhausted.
You feel yourself slow down.
You feel your dexterity returning.
Your Fighting skill gained 3 levels and is now at level 5!
Your Polearms skill gained 4 levels and is now at level 5!
Your Armour skill gained 3 levels and is now at level 5!
You have reached level 2!
You have reached level 3!
Your experience leads to a dramatic increase in your attributes!
Increase (S)trength, (I)ntelligence, or (D)exterity?
You feel stronger. x4
You have reached level 4!
You closely miss the neqoxec. The neqoxec gestures at you.
Strange energies course through your body.
You feel stronger.
You hit the neqoxec.
The neqoxec is lightly wounded.
The neqoxec barely misses you. The neqoxec hits you!
You die...

##
###
.##..
.33
#3#
##@##
+.<.+
##.##
#+#


You could see 3 neqoxecs.

Vanquished Creatures
  A neqoxec (D)
1 creature vanquished.

Notes
Turn   | Place    | Note
-------+----------+-------------------------------------------
     0 | D        | McKennaii the Demigod Fighter began the quest for the Orb.
     0 | D        | Reached XP level 1. HP: 18/18 MP: 3/3
     1 | D        | Noticed a neqoxec
     1 | D        | Noticed a neqoxec
     1 | D        | Noticed a neqoxec
     1 | D        | Noticed a neqoxec
    10 | D        | Gained mutation: Your body sometimes deteriorates upon
                  | taking damage. [a neqoxec]
    18 | D        | Killed a neqoxec
    19 | D        | Reached skill level 5 in Fighting
    19 | D        | Reached skill level 5 in Polearms
    19 | D        | Reached skill level 5 in Armour
    19 | D        | Reached XP level 2. HP: 3/30 MP: 4/4
    19 | D        | Reached XP level 3. HP: 4/37 MP: 5/5
    19 | D        | Reached XP level 4. HP: 5/44 MP: 6/6
    19 | D        | Gained mutation: Your muscles are strong. (Str +2) [a
                  | neqoxec]
    20 | D        | Mangled by a neqoxec

Illustrated notes

Levels and vault maps discovered:
D:        the_violet_keep_of_menkaure [sprint2_stairs_cluster_1,
          sprint2_shoproom, sprint2_temple, sprint2_basic_supplies,
          sprint2_obstacle_6, sprint2_obstacle_5, sprint2_obstacle_2,
          sprint2_obstacle_7, sprint2_obstacle_4, sprint2_timed_cluster_1,
          sprint2_smallroom_cluster_1, sprint2_smallroom_final_cluster_1,
          sprint2_transparent_cluster_1, sprint2_second_timed_cluster_1,
          sprint2_sniper_area_1, sprint2_heavy_combat_area_1,
          sprint2_mutation_trap_area_1, sprint2_forest_area_1,
          sprint2_light_combat_area_1, sprint2_behind_water_1,
          sprint2_near_end_vault_1]

Skill      XL: |  1 |
---------------+----+-----
Fighting       | 5 |  5.7
Polearms       | 5 |  5.3
Armour         | 5 |  5.7
Shields        | |  2.6

Action                   |  1- 3 |  4- 6 || total
-------------------------+-------+-------++-------
Melee: Trident           |    16 |     2 ||    18
  Use: Potion            |     1 |       ||     1
Armor: Scale mail        |     1 |       ||     1
Dodge: Dodged            |     3 |     1 ||     4
